AoeStats
← Paulo Silas

Oasis

509024079Analyzed
2v2 RM · 6d ago on Sep 25, 2026· 40m 48s· 4 players
Game mode
Random Map
Map size
Medium (4 player)
Population
200
Speed
Normal
Resources
Standard
Victory
Conquest
Starting age
Dark Age
Ending age
Imperial Age
RankedLock teamsTeams togetherTeam positionsShared explorationLock speedFull tech treeHidden civsTurbo modeCheats
Victory
Defeat
🇺🇸 Danes · United States
1404
+9
🇺🇸 Magyars · United States
1164
+18
🇦🇷 Franks · Argentina
1312
-17
🇦🇷 Mongols · Argentina
1133
-10
Paulo Silas
3:33 Loom
9:46 Feudal Age
15:10 Fletching
17:38 Padded Archer Armor
23:02 Castle Age
23:40 Double-Bit Axe
24:59 Bodkin Arrow
28:25 Scale Barding Armor
32:15 Husbandry
33:16 Ballistics
34:21 Leather Archer Armor
38:23 Bloodlines
41:34 Imperial Age
JRR
11:40 Feudal Age
16:40 Double-Bit Axe
19:17 Castle Age
18:06 Gold Mining
19:01 Forging
19:48 Scale Barding Armor
20:32 Husbandry
20:34 Loom
27:17 Chain Barding Armor
30:53 Iron Casting
40:07 Fletching
La_Yuzai
10:55 Feudal Age
11:24 Double-Bit Axe
11:20 Horse Collar
14:06 Fletching
16:11 Padded Archer Armor
20:26 Castle Age
18:36 Gold Mining
18:56 Stone Mining
20:28 Bloodlines
21:04 Bodkin Arrow
21:30 Husbandry
22:30 Wheelbarrow
23:54 Hand Cart
24:34 Town Watch
25:13 Loom
26:00 Bow Saw
28:35 Ballistics
30:28 Gold Shaft Mining
30:28 Stone Shaft Mining
33:03 Heavy Plow
37:11 Imperial Age
34:45 Scale Mail Armor
35:44 Chain Mail Armor
35:31 Squires
35:16 Arson
36:35 Forging
36:41 Leather Archer Armor
36:08 Hamask
37:01 Thumb Ring
38:04 Bracer
37:26 Cranequins
37:28 Heavy Mounted Crossbowman
39:53 Chemistry
39:38 Plate Mail Armor
40:26 Conscription
41:00 Iron Casting
41:13 Murder Holes
LuoSi_Fen
4:00 Loom
12:01 Feudal Age
18:08 Castle Age
16:52 Double-Bit Axe
18:12 Gold Mining
19:02 Wheelbarrow
18:44 Fletching
19:54 Town Watch
21:08 Padded Archer Armor
26:22 Bow Saw
26:29 Stone Mining
27:15 Gold Shaft Mining
29:10 Hand Cart
29:28 Leather Archer Armor
29:10 Bodkin Arrow
30:04 Horse Collar
33:23 Thumb Ring
33:50 Husbandry
34:02 Bloodlines
34:04 Husbandry
34:21 Heavy Plow
36:57 Town Patrol
40:16 Ballistics
43:38 Imperial Age
Connection lost

Rejoining the realm…

Still unreachable

The connection could not be restored.

Session expired

The server has moved on; the page needs a fresh start.